Map: Arctic Gates

Players

mezarcı

  • Race: Zerg Zerg
  • Spawn Location: 3:00

Shadow

  • Race: Protoss Protoss
  • Spawn Location: 0:00

BizMac - Winner!

  • Race: Terran Terran
  • League: Platinum
  • Spawn Location: 9:00

ILIEKEGGPIE - Winner!

  • Race: Protoss Protoss
  • League: Platinum
  • Spawn Location: 0:00

VOD

Have the link to the VOD?

Description

Time

  • Played on: April 11, 2018, 8:36 p.m.
  • Length: 20:14
Show
View Real Time Build Order
Export as new Build Order

mezarcı Zerg 

Build Orders: Pool First 

Get SALT Encoding   

  12  0:02  Drone  
  13  0:13  Overlord  
  13  0:18  Drone  
  14  0:32  Drone x2  
  16  0:45  Spawning Pool  
  16  0:46  Drone  
  16  0:52  Drone, Extractor  
  16  0:59  Drone  
  17  1:08  Drone  
  18  1:19  Drone  
  19  1:38  Queen  
  21  1:40  Hatchery  
  21  1:45  Overlord  
  20  1:47  Drone  
  21  2:03  Drone x2  
  23  2:26  Drone x2  
  25  2:37  Lair  
  25  2:40  Extractor  
  24  2:52  Drone x2  
  24  2:53  Drone  
  24  2:57  Hatchery  
  26  3:07  Drone x2  
  28  3:20  Drone x3  
  28  3:25  Extractor  
  30  3:38  Spire  
  29  3:42  Overlord  
  29  3:43  Drone x3  
  32  3:55  Overlord  
  32  3:56  Drone  
  33  4:15  Drone x3  
  33  4:16  Overlord  
  36  4:17  Drone  
  36  4:18  Drone  
  36  4:20  Extractor  
  37  4:26  Drone  
  38  4:38  Drone x2  
  40  4:39  Overlord  
  40  4:40  Drone  
  41  4:50  Spore Crawler  
  41  4:52  Mutalisk x6  
  44  4:56  Overlord  
  52  5:06  Mutalisk x2  
  54  5:09  Overlord, Drone x2  
  54  5:10  Drone  
  59  5:15  Extractor  
  59  5:17  Spine Crawler  
  59  5:20  Mutalisk  
  59  5:22  Drone  
  60  5:30  Mutalisk  
  60  5:31  Drone  
  63  5:37  Zerg Flyer Weapons Level 1  
  63  5:39  Drone x3  
  63  5:41  Drone  
  67  5:51  Mutalisk x2  
  67  5:53  Extractor  
  67  5:54  Drone  
  67  5:55  Drone  
  66  6:28  Mutalisk x2  
  66  6:29  Mutalisk x3  
  66  6:31  Drone x4  
  79  6:40  Spine Crawler  
  79  6:44  Mutalisk x2, Drone  
  83  6:53  Mutalisk  
  83  6:55  Drone x2  
  83  7:09  Corruptor  
  83  7:10  Corruptor  
  85  7:16  Hydralisk Den  
  85  7:20  Spore Crawler  
  71  7:40  Mutalisk x2  
  71  7:41  Mutalisk x2  
  77  7:52  Drone x3  
  77  7:53  Drone x2  
  82  8:03  Corruptor x4  
  90  8:15  Overlord x2  
  90  8:26  Overlord  
  90  8:27  Overlord  
  90  8:29  Hatchery  
  77  8:47  Corruptor x4  
  77  8:48  Corruptor  
  81  8:51  Hydralisk  
  75  9:13  Corruptor x4  
  75  9:15  Drone  
  84  9:35  Corruptor x3  
  90  9:40  Hydralisk x2  
  94  9:49  Lurker Den  
  90  10:26  Spore Crawler, Extractor  
  90  10:27  Spore Crawler, Extractor  
  86  10:42  Hydralisk  
  86  10:43  Hydralisk x5  
  86  10:44  Overlord x2, Hydralisk  
  86  10:45  Hydralisk x2  
  104  11:01  Muscular Augments  
  104  11:05  Drone  
  104  11:06  Drone x6  
  105  11:42  Hydralisk  
  105  11:43  Hydralisk x6  
  105  11:44  Hydralisk  
  121  11:50  Lurker x3  
  121  11:52  Drone  
  121  11:53  Drone  
  126  11:58  Drone x2  
  128  12:07  Spore Crawler  
  127  12:12  Grooved Spines  
  127  12:31  Drone  
  127  12:32  Overlord x2  
  127  12:33  Overlord x4  
  128  12:41  Zerg Flyer Armor Level 1  
  128  12:43  Evolution Chamber  
  128  12:44  Drone  
  126  12:54  Drone x4  
  126  12:55  Drone x4  
  134  13:05  Drone x4  
  137  13:11  Zerg Ground Armor Level 1  
  137  13:12  Infestation Pit  
  123  13:54  Hydralisk x5  
  123  13:55  Hydralisk x3  
  135  13:56  Drone x3, Hydralisk  
  142  14:05  Hive  
  142  14:08  Drone x2  
  142  14:09  Drone x2  
  115  14:40  Corruptor x4  
  115  14:41  Corruptor x7  
  115  14:42  Corruptor  
  135  15:20  Hatchery  
  132  15:45  Hydralisk x4  
  132  15:46  Hydralisk x5  
  132  15:47  Overlord x2  
  132  15:48  Overlord  
  144  16:18  Greater Spire  
  144  16:23  Spire, Extractor  
  142  16:26  Extractor  
  117  16:57  Hydralisk x4  
  117  16:58  Hydralisk x6  
  117  16:59  Hydralisk x3  
  138  17:11  Hydralisk x4  
  142  17:34  Hydralisk x4  
  142  17:35  Hydralisk x4  
  120  18:06  Corruptor x6  
  120  18:07  Hydralisk x4  
  120  18:08  Hydralisk x2  
  68  18:42  Hydralisk x6  
  68  18:43  Hydralisk x2  
  78  18:55  Hydralisk x4  
Show
View Real Time Build Order
Export as new Build Order

Shadow Protoss 

Build Orders:  

Get SALT Encoding   

  12  0:03  Probe  
  13  0:38  Pylon  
  13  0:48  Pylon  
  13  0:52  Pylon  
  13  0:59  Assimilator  
  13  1:02  Probe  
  14  1:14  Gateway, Probe  
  14  1:17  Gateway  
  15  2:01  Assimilator  
  15  2:09  Cybernetics Core  
  15  2:12  Pylon  
  15  2:15  Zealot (Chrono Boost)  
  19  2:16  Zealot (Chrono Boost)  
  19  2:49  Nexus  
  19  2:54  Adept (Chrono Boost)  
  23  3:07  Adept (Chrono Boost)  
  23  3:25  Probe  
  24  3:34  Warp Gate  
  24  3:37  Probe  
  25  3:49  Probe  
  26  4:04  Probe (Chrono Boost)  
  27  4:15  Probe (Chrono Boost)  
  28  4:19  Probe (Chrono Boost)  
  29  4:31  Probe  
  30  4:43  Probe  
  31  4:55  Probe  
  32  5:07  Zealot (Chrono Boost), Probe  
  32  5:13  Zealot (Chrono Boost)  
  37  5:47  Twilight Council  
  37  5:53  Stargate  
  37  5:59  Stargate  
  37  6:04  Pylon  
  36  6:05  Pylon  
  36  6:09  Zealot x2  
  32  6:15  Probe  
  32  6:27  Probe  
  33  6:39  Probe  
  34  6:51  Probe (Chrono Boost)  
  34  6:53  Assimilator  
  35  6:57  Assimilator  
  35  7:01  Probe (Chrono Boost)  
  36  7:03  Probe (Chrono Boost)  
  37  7:11  Probe (Chrono Boost)  
  37  7:12  Probe (Chrono Boost)  
  39  7:17  Probe  
  39  7:21  Probe  
  41  7:25  Stalker x2  
  41  7:29  Probe  
  46  7:33  Probe  
  47  7:38  Fleet Beacon  
  47  7:45  Probe, Pylon  
  48  7:52  Pylon  
  48  8:25  Carrier (Chrono Boost)  
  48  8:27  Carrier (Chrono Boost)  
  60  8:57  Forge  
  60  9:01  Graviton Catapult  
  60  9:37  Carrier (Chrono Boost)  
  60  9:38  Carrier (Chrono Boost)  
  56  10:43  Carrier (Chrono Boost)  
  66  10:53  Carrier (Chrono Boost)  
  64  11:48  Protoss Air Weapons Level 1  
  64  11:52  Carrier (Chrono Boost)  
  70  12:02  Carrier (Chrono Boost)  
  82  13:16  Carrier (Chrono Boost)  
  82  13:17  Carrier (Chrono Boost)  
  88  13:43  Protoss Air Armor Level 1  
  88  14:24  Carrier x2 (Chrono Boost)  
  66  14:56  Probe  
  67  15:08  Probe  
  68  15:20  Probe  
  69  15:39  Carrier x2 (Chrono Boost)  
  51  16:57  Void Ray (Chrono Boost)  
  51  16:58  Void Ray (Chrono Boost)  
  27  18:05  Pylon  
  27  18:06  Pylon  
  27  18:22  Cybernetics Core  
  27  18:25  Pylon  
  27  18:28  Pylon  
  27  18:29  Pylon  
  27  18:30  Pylon  
  27  18:48  Forge  
Show
View Real Time Build Order
Export as new Build Order

BizMac Terran - Winner!

Build Orders: MMM Bio 

Get SALT Encoding   

  12  0:02  SCV  
  13  0:14  SCV  
  14  0:26  SCV  
  14  0:27  Supply Depot  
  15  0:34  Refinery  
  15  0:48  SCV  
  16  0:50  Barracks  
  16  1:00  SCV  
  17  1:10  Refinery  
  17  1:13  SCV  
  18  1:25  SCV  
  19  1:36  Barracks  
  19  1:44  Factory  
  19  1:46  Orbital Command  
  19  2:00  Marine  
  20  2:07  Supply Depot  
  20  2:19  Barracks  
  21  2:22  SCV  
  21  2:35  Starport  
  21  2:46  SCV  
  21  2:50  Barracks Tech Lab  
  22  2:58  SCV  
  22  2:59  Marine  
  24  3:15  Command Center  
  24  3:22  Starport Reactor  
  24  3:34  Stimpack  
  24  3:35  Barracks Reactor  
  24  3:47  SCV  
  25  3:50  Factory Tech Lab  
  25  3:58  Medivac  
  25  3:59  Medivac  
  29  4:08  Supply Depot  
  29  4:09  SCV  
  30  4:14  Marine  
  31  4:22  Supply Depot  
  31  4:27  SCV  
  31  4:29  Orbital Command  
  32  4:36  Marauder, Marine  
  35  4:53  Marine  
  35  4:54  Engineering Bay  
  35  4:57  Marauder  
  35  4:58  SCV  
  39  5:04  Marine  
  40  5:07  Marine  
  40  5:10  SCV  
  40  5:11  Marine  
  43  5:18  SCV  
  43  5:19  Marauder  
  43  5:21  Engineering Bay  
  46  5:22  Marine, SCV  
  46  5:25  Marine  
  49  5:34  SCV  
  50  5:40  Marauder, Marine x2  
  54  5:43  Marine  
  54  5:44  Combat Shields  
  54  5:49  Missile Turret  
  55  5:51  SCV  
  55  5:54  Medivac  
  58  5:58  Marine x2  
  58  6:02  Marauder  
  62  6:12  SCV  
  55  6:23  Marine x2  
  55  6:24  Marauder, Marine  
  56  6:33  Terran Infantry Weapons Level 1, Terran Infantry Armor Level 1  
  56  6:37  Armory  
  56  6:38  Siege Tank  
  59  6:41  Marine x3  
  62  6:47  Supply Depot  
  62  7:05  Command Center  
  62  7:09  Marauder  
  64  7:31  Marauder  
  66  7:47  Medivac x2  
  70  8:08  Supply Depot  
  70  8:13  Missile Turret  
  70  8:16  Marine x3  
  70  8:17  Marauder  
  75  8:20  Planetary Fortress  
  75  8:25  SCV  
  75  8:26  SCV  
  77  8:30  Refinery  
  77  8:31  Refinery  
  77  8:32  Missile Turret  
  77  8:33  Barracks  
  77  8:34  Marine x3  
  77  8:38  Marauder, SCV  
  83  8:52  Marine  
  84  8:59  Marauder  
  87  9:02  SCV  
  87  9:05  SCV x2  
  89  9:14  Marine x2, SCV  
  89  9:15  Marine  
  93  9:24  Marauder  
  93  9:37  Barracks Tech Lab  
  93  9:40  Barracks  
  93  9:50  Terran Infantry Weapons Level 2  
  93  9:51  Terran Infantry Armor Level 2  
  93  9:54  Supply Depot  
  93  9:57  Barracks Reactor, Supply Depot  
  93  10:04  Refinery  
  93  10:15  Marine x2  
  93  10:16  Marauder, Supply Depot  
  99  10:21  Marauder  
  99  10:22  Supply Depot  
  98  10:33  Marine x2  
  92  10:37  Marauder  
  92  10:42  Marine  
  94  10:48  Marine x2  
  96  10:51  Marine x2  
  96  10:54  Viking x2  
  102  10:59  Marauder  
  102  11:00  Marine  
  105  11:05  Marine  
  105  11:06  Marine  
  105  11:09  Marine x2  
  109  11:14  Starport, SCV  
  109  11:17  Refinery  
  109  11:18  Marauder  
  112  11:24  Medivac, Viking  
  116  11:27  SCV  
  113  11:38  Marine  
  113  11:39  Marine x5, SCV  
  117  11:54  Medivac  
  117  11:55  Barracks Reactor  
  117  11:56  Marine  
  117  11:57  Starport Reactor, Marine x5  
  125  12:09  Supply Depot  
  125  12:11  Supply Depot  
  125  12:16  Supply Depot  
  125  12:18  Terran Infantry Armor Level 3, Terran Infantry Weapons Level 3  
  125  12:30  Marine x4, Viking x2  
  125  12:32  Marauder x2, Supply Depot  
  125  12:33  Supply Depot  
  125  12:36  SCV  
  138  12:48  Concussive Shells, Marine x4, SCV  
  138  12:49  Command Center  
  143  12:53  Marine x2, Terran Ship Weapons Level 1  
  143  12:54  Marine x2  
  143  12:58  Missile Turret  
  147  13:00  SCV, Missile Turret  
  147  13:01  SCV  
  147  13:02  Missile Turret  
  147  13:05  Liberator  
  148  13:06  Marine x4  
  151  13:13  SCV, Missile Turret  
  152  13:22  Viking x3  
  144  13:51  Medivac  
  144  13:52  Marine x3, Viking x2  
  144  13:53  Marine x3  
  144  13:54  Marine  
  157  14:05  Viking  
  146  14:21  Viking  
  146  14:22  Viking x2  
  109  14:33  Marine x8  
  100  14:49  Barracks  
  100  14:50  Marine x2  
  100  14:51  Marine x6  
  108  14:54  Viking  
  108  14:55  Viking x2  
  108  14:56  Medivac  
  116  15:04  SCV  
  117  15:08  Marine x2  
  117  15:09  Marine x3  
  122  15:17  SCV  
  121  15:24  Medivac  
  121  15:25  Viking  
  125  15:29  SCV  
  124  15:41  SCV  
  117  15:54  Marine  
  117  15:55  Marine x7  
  114  16:12  Marine  
  114  16:13  Marine x7  
  114  16:14  Viking x4  
  130  16:23  Orbital Command  
  130  16:26  SCV  
  130  16:30  Marine  
  130  16:31  Marine x2  
  134  16:38  SCV  
  133  16:44  Viking x3  
  137  16:50  SCV  
  138  16:54  Marine x3  
  138  16:55  Marine x5  
  146  17:12  Medivac, Marine x3  
  146  17:13  Marine x5  
  146  17:14  Medivac  
  158  17:21  Refinery  
  158  17:22  Refinery  
  158  17:30  Marine x3  
  158  17:31  Marine x5  
  159  17:48  Marine x2  
  124  18:14  Marine x4  
  124  18:15  Marine x4  
  127  18:31  Marine, Viking  
  127  18:32  Marine x7, Viking x3  
  141  18:49  Marine x2  
  141  18:50  Marine x5  
  141  18:51  Marine  
  147  19:07  Marine x3  
  147  19:08  Marine x5  
  155  19:25  Marine x2  
Show
View Real Time Build Order
Export as new Build Order

ILIEKEGGPIE Protoss - Winner!

Build Orders:  

Get SALT Encoding   

  12  0:01  Probe  
  13  0:13  Probe  
  14  0:33  Pylon  
  15  0:35  Probe (Chrono Boost)  
  15  0:50  Probe (Chrono Boost)  
  15  0:52  Assimilator  
  15  0:56  Assimilator  
  16  1:01  Probe (Chrono Boost)  
  17  1:07  Gateway  
  17  1:18  Gateway  
  17  1:23  Probe  
  18  1:36  Probe  
  19  1:50  Nexus  
  19  2:04  Cybernetics Core  
  19  2:09  Probe  
  20  2:21  Probe  
  21  2:23  Pylon  
  21  2:38  Probe  
  21  2:41  Warp Gate (Chrono Boost)  
  21  2:42  Adept x2  
  26  2:51  Probe  
  27  3:03  Robotics Facility, Probe (Chrono Boost)  
  28  3:11  Probe (Chrono Boost)  
  29  3:30  Probe (Chrono Boost)  
  31  3:35  Probe (Chrono Boost)  
  31  3:40  Probe (Chrono Boost)  
  32  3:41  Pylon  
  32  3:43  Probe (Chrono Boost)  
  32  3:45  Probe (Chrono Boost)  
  34  3:51  Observer  
  34  3:54  Probe  
  36  3:56  Probe  
  37  4:06  Probe  
  37  4:08  Probe  
  43  4:15  Stargate  
  43  4:17  Stargate  
  43  4:18  Probe  
  43  4:21  Probe  
  45  4:30  Probe  
  42  4:33  Probe  
  43  4:54  Stargate  
  43  4:55  Stargate  
  43  4:56  Pylon, Probe (Chrono Boost)  
  43  4:59  Observer, Pylon  
  46  5:02  Probe (Chrono Boost)  
  47  5:07  Probe (Chrono Boost)  
  47  5:09  Assimilator  
  47  5:13  Probe (Chrono Boost)  
  47  5:14  Probe (Chrono Boost)  
  49  5:19  Probe  
  49  5:21  Probe  
  51  5:31  Probe  
  51  5:33  Probe  
  53  5:38  Pylon, Nexus  
  53  5:39  Phoenix x2  
  53  5:41  Pylon  
  57  5:42  Assimilator  
  57  5:44  Assimilator  
  57  5:47  Assimilator  
  57  5:50  Pylon  
  57  5:52  Pylon  
  57  6:00  Forge  
  57  6:02  Phoenix (Chrono Boost), Forge  
  59  6:14  Pylon  
  59  6:17  Pylon  
  59  6:18  Phoenix x2 (Chrono Boost)  
  61  6:19  Pylon  
  63  6:28  Phoenix (Chrono Boost)  
  61  6:42  Phoenix  
  63  6:56  Phoenix x2  
  63  6:59  Probe x2  
  67  7:11  Probe x2  
  65  7:53  Phoenix x4  
  65  7:57  Probe (Chrono Boost)  
  75  8:03  Probe (Chrono Boost)  
  73  8:07  Probe (Chrono Boost)  
  73  8:08  Pylon  
  73  8:10  Pylon  
  74  8:15  Probe x2 (Chrono Boost)  
  74  8:16  Probe (Chrono Boost)  
  74  8:18  Phoenix  
  79  8:22  Phoenix x2  
  79  8:23  Phoenix  
  79  8:26  Probe (Chrono Boost)  
  88  8:27  Probe x2 (Chrono Boost)  
  88  8:30  Cybernetics Core  
  88  8:31  Probe (Chrono Boost), Cybernetics Core  
  88  8:32  Probe (Chrono Boost)  
  90  8:37  Photon Cannon x2  
  88  8:43  Phoenix  
  88  9:09  Pylon  
  84  9:12  Pylon  
  84  9:30  Twilight Council  
  84  9:33  Phoenix (Chrono Boost)  
  84  9:34  Phoenix x2 (Chrono Boost)  
  84  9:38  Protoss Ground Armor Level 1 (Chrono Boost)  
  92  9:41  Phoenix (Chrono Boost)  
  92  9:48  Protoss Ground Weapons Level 1 (Chrono Boost)  
  92  9:51  Phoenix x2 (Chrono Boost)  
  96  10:23  Probe (Chrono Boost)  
  99  10:29  Probe x2 (Chrono Boost)  
  97  11:01  Gateway  
  97  11:04  Gateway  
  97  11:05  Gateway  
  97  11:10  Gateway  
  97  11:32  Nexus  
  97  11:36  Pylon x2  
  89  11:40  Void Ray (Chrono Boost)  
  89  11:43  Protoss Ground Armor Level 2 (Chrono Boost), Protoss Ground Weapons Level 2 (Chrono Boost)  
  105  11:50  Void Ray (Chrono Boost)  
  105  11:51  Void Ray x2 (Chrono Boost)  
  105  11:55  Pylon  
  105  12:00  Pylon  
  105  12:01  Pylon  
  105  12:03  Pylon  
  105  12:05  Gateway  
  105  12:07  Gateway  
  105  12:11  Gateway  
  105  12:15  Assimilator  
  105  12:18  Assimilator  
  105  12:32  Void Ray (Chrono Boost)  
  105  12:33  Void Ray (Chrono Boost)  
  121  12:43  Void Ray x2 (Chrono Boost)  
  121  13:15  Void Ray (Chrono Boost)  
  131  13:24  Observer  
  131  13:25  Void Ray (Chrono Boost)  
  131  13:26  Void Ray (Chrono Boost)  
  132  13:31  Charge (Chrono Boost)  
  132  13:46  Observer  
  121  13:52  Stalker  
  121  13:53  Stalker x6  
  135  14:07  Observer  
  88  14:56  Void Ray (Chrono Boost)  
  88  14:57  Void Ray x2 (Chrono Boost)  
  98  15:00  Void Ray (Chrono Boost)  
  98  15:02  Stalker x3  
  98  15:03  Stalker, Zealot x2  
  98  15:04  Zealot x3  
  112  15:11  Probe (Chrono Boost)  
  115  15:17  Probe (Chrono Boost)  
  115  15:18  Probe (Chrono Boost)  
  111  15:51  Stalker x3, Protoss Ground Weapons Level 3 (Chrono Boost), Protoss Ground Armor Level 3 (Chrono Boost)  
  111  15:52  Zealot x5  
  111  15:53  Zealot  
  129  16:32  Void Ray x3 (Chrono Boost)  
  145  16:44  Void Ray (Chrono Boost)  
  122  17:40  Nexus  
  122  17:44  Pylon x2  
  116  18:04  Stalker x3  
  116  18:05  Stalker, Zealot x2  
  124  18:06  Zealot x3  
  130  18:13  Assimilator  
  130  18:15  Assimilator  
  130  18:16  Pylon  
  130  18:18  Pylon  
  125  18:56  Void Ray (Chrono Boost), Probe x3  
  125  18:59  Void Ray (Chrono Boost)  
  125  19:00  Void Ray (Chrono Boost)  
  140  19:10  Void Ray (Chrono Boost)  
  140  19:25  Void Ray  
  140  19:30  Void Ray x2  
Tags
 
Add a new tag
Caveats
  • Supply blocks, unpowered buildings, or Contaminate may cause inaccurate times.
  • Supply counts are checked every 10 seconds.